 Dungeon Crawl Stone Soup version 0.28-a0-401-ge240ad9e29 (webtiles) character file.

Game seed: 18051401684736255567

67 heikuro the Skirmisher (level 4, -2/37 HPs)
             Began as a Formicid Abyssal Knight on Sept 5, 2021.
             Was a Follower of Lugonu.
             Slain by a gnoll (5 damage)
             ... on level 2 of the Dungeon.
             The game lasted 00:05:06 (3458 turns).

heikuro the Skirmisher (Formicid Abyssal Knight)    Turns: 3458, Time: 00:05:07

Health: -2/37      AC:  4    Str: 17    XL:     4   Next: 40%
Magic:  6/6        EV: 11    Int: 12    God:    Lugonu [*.....]
Gold:   127        SH:  0    Dex: 10    Spells: 3/3 levels left

rFire   . . .      SeeInvis +   a - +0 battleaxe
rCold   . . .      Faith    .   (no shield)
rNeg    . . .      Spirit   .   b - +0 leather armour
rPois   .          Reflect  .   (helmet unavailable)
rElec   .          Harm     .   (no cloak)
rCorr   .          Rampage  .   (no gloves)
Will    .....                   j - +0 pair of boots
Stlth   +.........              (no amulet)
HPRegen 0.12/turn               (no ring)
MPRegen 0.10/turn               (no ring)

@: no status effects
A: permanent stasis, dig shafts and tunnels, antennae 3, four strong arms
a: Dig, Shaft Self, Renounce Religion, Depart the Abyss


You were on level 2 of the Dungeon.
You worshipped Lugonu.
Lugonu was aware of your devotion.
You visited 1 branch of the dungeon, and saw 3 of its levels.
You visited the Abyss 1 time.

You collected 127 gold pieces.

Inventory:

Hand Weapons
 a - a +0 battleaxe (weapon)
 e - a +1 falchion
 i - a +0 dagger of draining
Missiles
 h - 4 curare-tipped darts (quivered)
Armour
 b - a +0 leather armour (worn)
 j - a +0 pair of boots (worn)
Jewellery
 f - a +6 ring of intelligence
Scrolls
 d - 2 scrolls of amnesia {unknown}
 l - 2 scrolls of identify {unknown}
 n - a scroll of teleportation {unknown}
 p - a scroll of acquirement {unknown}
 q - a scroll of blinking {unknown}
Potions
 c - 2 potions of curing {unknown}
 g - a potion of haste {unknown}
 k - a potion of attraction {unknown}
 m - a potion of invisibility {unknown}
 o - 2 potions of lignification {unknown}


   Skills:
 + Level 3.8 Fighting
 - Level 2.2 Long Blades
 * Level 1.7 Axes
 + Level 2.8 Armour
 - Level 1.0 Dodging
 + Level 2.9 Invocations


You had 3 spell levels left.
You didn't know any spells.
Your spell library contained the following spells:

 Spells                   Type           Power      Damage    Failure   Level
 Sublimation of Blood     Necr           0%         N/A       52%         2
 Lesser Beckoning         Tloc           0%         N/A       75%         3
 Petrify                  Tmut/Erth      0%         N/A       98%         4
 Irradiate                Conj/Tmut      0%         3d14      100%        5
 Manifold Assault         Tloc           0%         N/A       100%        5
 Blink                    Tloc           Unusable   N/A       N/A         2

Dungeon Overview and Level Annotations

Branches:
Dungeon (3/15)

Altars:
Trog

Shops:
D:2 :


Innate Abilities, Weirdness & Mutations

You cannot be hasted, slowed, berserked, paralysed or teleported.
You can dig through walls and to a lower floor.
You have a pair of large antennae on your head. (SInv)
Your four strong arms can wield two-handed weapons with a shield.


Message History

a +0 club; a kobold corpse
Found an escape hatch in the floor.
Found an escape hatch in the ceiling.
Found a flail.
There is an escape hatch in the ceiling here.
A mysterious force pulls you upwards. The hatch slams shut behind you.
There is a stone staircase leading down here.
You climb downwards.
There is a stone staircase leading up here. 2 gnolls come into view.
The gnoll shouts! x2
A gnoll comes into view. It is wielding a +0 club.
There is a stone staircase leading up here.
You barely miss the gnoll.
The gnoll shouts!
The gnoll hits you from afar with a +0 spear.
The gnoll hits you with a +0 club.
The gnoll hits you from afar with a +0 spear.
You hit the gnoll but do no damage. The gnoll hits you with a +0 club.
The gnoll hits you from afar with a +0 spear.
The gnoll hits you with a +0 club.
You closely miss the gnoll. The gnoll closely misses you.
The gnoll barely misses you. x2
You slash the gnoll!
You kill the gnoll!
Lugonu accepts your kill.
The gnoll hits you from afar with a +0 spear. x2
There is a stone staircase leading up here.
The gnoll hits you from afar with a +0 spear.
* * * LOW HITPOINT WARNING * * *
You climb upwards.
There is a stone staircase leading down here.
You barely miss the gnoll. The gnoll barely misses you.
The gnoll hits you with a +0 club.
* * * LOW HITPOINT WARNING * * *
Okay, then.
You hit the gnoll.
The gnoll is moderately wounded.
The gnoll closely misses you. The gnoll hits you with a +0 club.
You die...

# ##.###.## #......# #
###..#.#..### #.....<#
###...##.##...#### ##.._...#
....###...###....#######.......#
.####...#...####..............(#
....###...###....#####.####..#.#
###...##.##...#### #.#####.#.#
..###..#)#..####.#####.......#.#
### ##.#.#.## #@g.............#
#.....# #########.#######
##...## #.# #.).# #.# #...# #.#
########.## #.# #......#.# #.#
#.######.# #.# #.# #.#
#########.#


You could see a gnoll.

Vanquished Creatures
  A gnoll (D:3)
  2 adders (D:2)
  A worm (D:2)
  An endoplasm (D:1)
  2 giant cockroaches
  6 hobgoblins
  5 ball pythons
  2 bats (D:2)
  2 frilled lizards
  5 goblins
  5 kobolds
  5 rats
37 creatures vanquished.

Notes
Turn   | Place    | Note
-------+----------+-------------------------------------------
     0 | Abyss:1  | heikuro the Formicid Abyssal Knight began the quest for the
                  | Orb.
     0 | Abyss:1  | Reached XP level 1. HP: 18/18 MP: 2/2
   117 | Abyss:1  | Noticed an eidolon
   118 | D:1      | Escaped the Abyss
   388 | D:1      | Reached skill level 1 in Dodging
   708 | D:1      | Reached XP level 2. HP: 21/24 MP: 3/3
  1459 | D:1      | Found a faded altar of an unknown god.
  1760 | D:2      | Reached XP level 3. HP: 21/29 MP: 4/4
  2081 | D:2      | Found a bloodstained altar of Trog.
  2120 | D:2      | Reached skill level 1 in Axes
  2574 | D:2      | Reached XP level 4. HP: 37/37 MP: 6/6
  2745 | D:2      | Reached * piety under Lugonu
  3112 | D:2      | Found Raarocic's Book Shoppe.
  3458 | D:2      | Slain by a gnoll

Illustrated notes

Levels and vault maps discovered:
D:1:      ebering_hopf_link, layout_basic, ebering_ecumenical_altar_abandoned,
          grunt_decor_junction, minmay_misc_feat_plants
D:2:      minmay_general_purpose_star, layout_loops_ring, basic_altar,
          serial_shops, shop_fountains
D:3:      layout_rooms, marbit_many_paths, mainiacjoe_overflow_alcove_2,
          elyvilon_altar_5, st_stairs_3, columned_hall_lemuel

Skill      XL: |  1  2  3 |
---------------+----------+-----
Dodging        | 1 |  1.0
Axes           | 1 |  1.7
Fighting       | |  3.8
Long Blades    | |  2.2
Armour         | |  2.8
Invocations    | |  2.9

Action                   |  1- 3 |  4- 6 || total
-------------------------+-------+-------++-------
Melee: Falchion          |    33 |       ||    33
       Battleaxe         |    59 |    39 ||    98
       Dagger            |    40 |       ||    40
Invok: Depart the Abyss  |     1 |       ||     1
Armor: Leather armour    |    38 |    10 ||    48
Dodge: Dodged            |    88 |    25 ||   113

Table legend: (Time is in decaauts)
 A = Elapsed time spent in this place.
 B = Non-inter-level travel time spent in this place.
 C = Inter-level travel time spent in this place.
 D = Time resting spent in this place.
 E = Time spent auto-exploring this place.
 F = Levels seen in this place.
 G = Mean time per level.
                   A        B        C        D        E       F      G
               +--------+--------+--------+--------+--------+-----+--------+
         Total |   3524 |   3398 |    126 |   1471 |   1370 |   4 |  881.0 |
       Dungeon |   3406 |   3280 |    126 |   1471 |   1266 |   3 | 1135.3 |
         Abyss |    118 |    118 |      0 |      0 |    104 |   1 |  118.0 |
               +--------+--------+--------+--------+--------+-----+--------+

Top non-repeatable levels by time:
     D:2: 1803 daAuts
     D:1: 1467 daAuts
     D:3: 135 daAuts
 Abyss:1: 118 daAuts
